 Dungeon Crawl Stone Soup version 0.19-a0-994-g3c636f0 (webtiles) character file.

135 mistymad the Poker (level 5, -10/42 HPs)
             Began as a Merfolk Monk on July 16, 2016.
             Mangled by an ogre
             ... wielding a +0 giant spiked club
              (28 damage)
             ... on level 3 of the Dungeon.
             The game lasted 00:06:33 (2263 turns).

mistymad the Poker (Merfolk Monk)                   Turns: 2263, Time: 00:06:34

Health: -10/42     AC:  7    Str: 16    XL:     5   Next: 18%
Magic:  5/5        EV: 15    Int:  9    God:
Gold:   82         SH:  0    Dex: 16    Spells: 0 memorised, 4 levels left

rFire  + . .     SeeInvis .     f - +0 trident (flame)
rCold  . . .     Gourm    .     k - +0 leather armour
rNeg   . . .     Faith    .     (no shield)
rPois  .         Spirit   .     s - +1 helmet
rElec  .         Dismiss  .     a - +0 cloak
rCorr  .         Reflect  .     q - +0 pair of gloves
SustAt .         Harm     .     (no boots)
MR     .....                    (no amulet)
Stlth  ++........               i - +3 ring of strength
                                h - ring of protection from fire

@: not resistant to hostile enchantments, unstealthy
A: change form in water, swift swim
a: no special abilities


You were on level 3 of the Dungeon.
You were not hungry.

You visited 1 branch of the dungeon, and saw 3 of its levels.

You collected 82 gold pieces.

Inventory:

Hand Weapons
 f - a +0 trident of flaming (weapon)
Armour
 a - a +0 cloak (worn)
 k - a +0 leather armour (worn)
 q - a +0 pair of gloves (worn)
 s - a +1 helmet (worn)
Jewellery
 h - a ring of protection from fire (left hand)
 i - a +3 ring of strength (right hand)
 j - an uncursed ring of flight {unknown}
 l - a +3 ring of protection {unknown}
Scrolls
 b - a scroll of magic mapping
 m - a scroll of enchant armour {unknown}
 o - 3 scrolls of identify
Potions
 e - a potion of curing
 p - a potion of cure mutation {unknown}
Comestibles
 c - 2 bread rations
 d - a meat ration
 g - 2 royal jellies
 n - 9 chunks of flesh


   Skills:
 + Level 4.2 Fighting
 + Level 6.4 Polearms
 + Level 5.3 Dodging
 - Level 2.1 Stealth


You had 4 spell levels left.
You didn't know any spells.

Dungeon Overview and Level Annotations

Branches:
Dungeon (3/15)

Altars:


Message History

The ogre is lightly wounded.
You barely miss the ogre.
The ogre is lightly wounded.
The ogre hits you with a giant spiked club.
You take 2 damage, and have 40/42 hp.
You hit the ogre. You burn the ogre.
The ogre is moderately wounded.
The ogre closely misses you.
You puncture the ogre! You burn the ogre.
The ogre is severely wounded.
You hit the ogre. You burn the ogre.
The ogre is almost dead.
The ogre hits you with a giant spiked club!!
Ouch! That really hurt!
You take 22 damage, and have 18/42 hp.
MASSIVE DAMAGE!!
You hit the ogre. You burn the ogre.
The ogre is almost dead.
The ogre hits you with a giant spiked club!!
Ouch! That really hurt!
You die...

. #.# #.# . #.# #..
.## #.# ### ..######
#.# #
..)....####.######## #
...###.K............
.....######.########>
.....# #.########>##
## .##### .....#
#...KO@.....#.. ......
...### #....#####..#.
.##.## ...#
#............ #. ..w#
##...#.####.# #. #..#
#..##.####.#####.##.##
#..#
#..##............##...
#..#...###.########..#
#..)###.##.# #..#
#..## #.#.# #..#


You could see an ogre and a kobold.

Vanquished Creatures
  6 adders
  An ooze (D:3)
  2 dart slugs (D:1)
  A giant gecko (D:2)
  11 orcs (D:3)
  A ball python (D:2)
  2 giant cockroaches
  9 goblins
  9 hobgoblins
  3 jackals (D:1)
  7 kobolds
  3 bats
  2 giant newts (D:1)
  3 rats (D:1)
60 creatures vanquished.

Notes
Turn   | Place    | Note
-------+----------+-------------------------------------------
     0 | D:1      | mistymad the Merfolk Monk began the quest for the Orb.
     0 | D:1      | Reached XP level 1. HP: 18/18 MP: 1/1
   137 | D:1      | Reached XP level 2. HP: 18/24 MP: 2/2
   459 | D:1      | Reached skill level 5 in Polearms
   482 | D:1      | Reached XP level 3. HP: 27/30 MP: 3/3
  1331 | D:2      | Reached XP level 4. HP: 27/37 MP: 4/4
  1814 | D:2      | Reached skill level 6 in Polearms
  1974 | D:3      | Reached skill level 5 in Dodging
  2173 | D:3      | Reached XP level 5. HP: 41/42 MP: 5/5
  2237 | D:3      | Noticed an ogre
  2263 | D:3      | Mangled by an ogre

Vault maps used:
D:1:      noname_arrival_rooms_in_the_neighbourhood
D:3:      serial_glass, glass_columns_a, glass_columns_a

Skill      XL: |  1  2  3  4 |
---------------+-------------+-----
Polearms       | 5 6 |  6.4
Fighting       | 4 |  4.2
Dodging        | 5 |  5.3
Stealth        | |  2.1

Action                   |  1- 3 |  4- 6 || total
-------------------------+-------+-------++-------
Melee: Spear             |   116 |    81 ||   197
       Trident           |       |    33 ||    33
  Use: Scroll            |     5 |       ||     5
       Potion            |       |     5 ||     5
 Stab: Distracted        |     3 |       ||     3
       Sleeping          |     2 |     5 ||     7
  Eat: Chunk             |     1 |     3 ||     4
Armor: Robe              |     5 |       ||     5
       Leather armour    |     4 |    12 ||    16
Dodge: Dodged            |    47 |    55 ||   102
